AoeStats
← 739697286

Lombardia

507471722Analyzed
4v4 RM · 15d ago on Sep 18, 2026· 45m 14s· 8 players
Game mode
Random Map
Map size
Large (8 player)
Population
200
Speed
Normal
Resources
Standard
Victory
Conquest
Starting age
Dark Age
Ending age
Imperial Age
RankedLock teamsTeams togetherTeam positionsShared explorationLock speedFull tech treeHidden civsTurbo modeCheats
Victory
Defeat
🇹🇼 Maya · Taiwan
1481
+11
🇹🇷 Franks · Türkiye
1479
+11
🇨🇳 Persians · China
1437
+13
1427
+13
🇨🇳 Ethiopians · China
1415
-14
🇩🇪 Jurchens · Germany
1409
-14
🇹🇼 Huns · Taiwan
1367
-12
🇰🇷 Gurjaras · South Korea
1266
-8
只會5TC
6:28 Loom
9:16 Feudal Age
9:58 Double-Bit Axe
10:03 Horse Collar
13:13 Forging
20:12 Castle Age
19:31 Bloodlines
20:42 Scale Barding Armor
22:01 Chain Barding Armor
21:39 Light Cavalry
23:50 Iron Casting
23:49 Bow Saw
25:39 Husbandry
26:31 Wheelbarrow
28:33 Gold Mining
31:06 Hand Cart
31:29 Gold Shaft Mining
38:06 Thumb Ring
40:26 Fletching
40:37 Padded Archer Armor
43:36 Ballistics
43:40 Bodkin Arrow
PAWA
8:05 Loom
10:22 Feudal Age
16:20 Castle Age
14:07 Double-Bit Axe
14:57 Horse Collar
15:44 Scale Barding Armor
15:49 Forging
15:53 Bloodlines
17:03 Husbandry
32:05 Wheelbarrow
32:04 Bow Saw
33:11 Hand Cart
34:19 Heavy Plow
37:17 Imperial Age
35:33 Fletching
35:43 Padded Archer Armor
36:27 Bodkin Arrow
37:17 Ballistics
37:12 Thumb Ring
37:25 Leather Archer Armor
38:04 Bracer
39:44 Chemistry
39:04 Kshatriyas
39:20 Elite Elephant Archer
41:20 Crop Rotation
43:45 Frontier Guards
43:02 Siege Elephant
粮粮草征收人
10:04 Feudal Age
9:54 Loom
11:27 Double-Bit Axe
15:41 Castle Age
14:06 Gold Mining
15:42 Horse Collar
17:01 Wheelbarrow
16:37 Fletching
22:33 Elite Skirmisher
25:22 Town Watch
26:00 Crossbowman
28:01 Thumb Ring
29:23 Bodkin Arrow
29:28 Padded Archer Armor
32:05 Leather Archer Armor
33:19 Ballistics
36:35 Imperial Age
37:14 Hand Cart
37:50 Conscription
37:03 Arbalester
37:54 Bracer
41:52 Chemistry
40:58 Siege Engineers
41:07 Masonry
44:08 Ring Archer Armor
Musti-1997
6:16 Loom
9:15 Feudal Age
10:09 Double-Bit Axe
13:23 Forging
13:37 Bloodlines
14:18 Scale Barding Armor
17:20 Wheelbarrow
16:53 Horse Collar
21:15 Castle Age
20:20 Gold Mining
20:23 Stone Mining
22:15 Husbandry
23:14 Hand Cart
30:30 Chain Barding Armor
32:31 Iron Casting
38:25 Fletching
39:01 Bodkin Arrow
42:13 Imperial Age
43:25 Conscription
ss839059
0:30 Loom
9:19 Feudal Age
11:00 Double-Bit Axe
13:16 Wheelbarrow
16:22 Horse Collar
18:08 Gold Mining
19:35 Fletching
25:47 Castle Age
26:33 Bodkin Arrow
26:00 Crossbowman
26:46 Thumb Ring
27:17 Hand Cart
29:23 Ballistics
32:01 Bow Saw
31:52 Heavy Plow
31:44 Stone Mining
36:43 Imperial Age
35:31 Stone Mining
36:49 Arbalester
37:30 Bracer
37:31 Padded Archer Armor
38:35 Chemistry
40:25 Conscription
41:18 Leather Archer Armor
42:48 Ring Archer Armor
Tilikoglu
6:48 Loom
9:26 Feudal Age
9:51 Double-Bit Axe
17:47 Scale Barding Armor
18:45 Forging
22:11 Castle Age
20:03 Gold Mining
23:37 Wheelbarrow
23:13 Bow Saw
24:11 Chain Barding Armor
26:37 Iron Casting
32:01 Husbandry
32:40 Gold Shaft Mining
34:06 Hand Cart
33:36 Town Watch
39:03 Imperial Age
38:23 Stone Mining
39:06 Cavalier
40:22 Plate Barding Armor
40:51 Blast Furnace
39:54 Town Patrol
40:59 Conscription
40:52 Chivalry
41:10 Paladin
あおぞら ひかり
4:04 Loom
9:19 Feudal Age
10:10 Double-Bit Axe
10:06 Horse Collar
14:47 Scale Barding Armor
22:28 Castle Age
25:05 Fletching
25:26 Bloodlines
27:47 Wheelbarrow
26:58 Town Watch
27:24 Bow Saw
27:05 Gold Mining
28:32 Husbandry
28:29 Bodkin Arrow
28:35 Padded Archer Armor
30:20 Ballistics
36:28 Imperial Age
36:33 Elite Mangudai
37:14 Bracer
38:16 Chemistry
38:30 Leather Archer Armor
38:42 Parthian Tactics
38:22 Thumb Ring
38:44 Conscription
41:10 Hand Cart
40:40 Capped Ram
42:43 Siege Ram
739697286
4:45 Loom
9:59 Feudal Age
10:31 Loom
10:37 Double-Bit Axe
11:14 Horse Collar
19:47 Wheelbarrow
21:29 Forging
21:11 Gold Mining
24:29 Castle Age
23:12 Scale Barding Armor
23:45 Bloodlines
23:29 Stone Mining
24:32 Light Cavalry
26:14 Iron Casting
26:00 Chain Barding Armor
26:57 Heavy Plow
34:29 Hand Cart
35:17 Chain Barding Armor
42:31 Imperial Age
43:33 Hussar
44:13 Husbandry
45:15 Blast Furnace
44:50 Plate Barding Armor
45:15 Blast Furnace
44:50 Plate Barding Armor
45:16 Blast Furnace
44:51 Plate Barding Armor
45:16 Blast Furnace
44:51 Plate Barding Armor
45:16 Blast Furnace
45:43 Plate Barding Armor
Connection lost

Rejoining the realm…

Still unreachable

The connection could not be restored.

Session expired

The server has moved on; the page needs a fresh start.